 Dungeon Crawl Stone Soup version 0.25.0-1-g7eea58d (webtiles) character file.

Game seed: 15289791387517228880

4508 Illumine the Cleaver (level 10, 0/90 HPs)
             Began as a Minotaur Fighter on June 22, 2020.
             Was a Priest of Okawaru.
             Succumbed to a killer bee's poison
             ... on level 9 of the Dungeon.
             The game lasted 00:10:02 (6446 turns).

Illumine the Cleaver (Minotaur Fighter)             Turns: 6446, Time: 00:10:03

Health: 0/90       AC: 12    Str: 22 (24) XL:     10   Next: 16%
Magic:  12/12      EV:  9    Int:  4 (5)  God:    Okawaru [***...]
Gold:   374        SH:  0    Dex:  7 (10) Spells: 9/9 levels left

rFire    . . .     SeeInvis .   a - +0 battleaxe
rCold    . . .     Gourm    .   (shield currently unavailable)
rNeg     . . .     Faith    .   t - +0 chain mail
rPois    .         Spirit   .   (helmet restricted)
rElec    .         Reflect  .   (no cloak)
rCorr    .         Harm     .   x - +0 pair of gloves
MR       .....                  (no boots)
Stlth    ..........             p - amulet of the acrobat
HPRegen  0.25/turn              (no ring)
MPRegen  0.13/turn              (no ring)

@: lethally poisoned (0 -> -5), berserk cooldown, stab, flying, hasted and
slowed
A: retaliatory headbutt, horns 2
a: Heroism, Renounce Religion


You were on level 9 of the Dungeon.
You worshipped Okawaru.
Okawaru was most pleased with you.
You were hungry.

You visited 2 branches of the dungeon, and saw 10 of its levels.

You collected 374 gold pieces.

Inventory:

Hand Weapons
 a - a +0 battleaxe (weapon)
 b - a +0 shortbow
 C - a +2 flail of draining
Missiles
 A - 63 arrows
Armour
 c - a +0 kite shield
 d - +0 steam dragon scales
 t - a +0 chain mail (worn)
 x - a +0 pair of gloves (worn)
Jewellery
 g - an uncursed ring of protection from cold
 p - an amulet of the acrobat (around neck)
 q - an uncursed ring of teleportation
Wands
 y - a wand of random effects (9)
Scrolls
 h - a scroll of torment {unknown}
 i - a scroll of fear
 j - a scroll of enchant armour {unknown}
 l - a scroll of blinking
 m - 4 scrolls of identify {unknown}
 r - a scroll of teleportation
 s - a scroll of summoning {unknown}
 E - 2 scrolls of amnesia {unknown}
 F - a scroll of holy word {unknown}
Potions
 e - a potion of lignification
 o - a potion of degeneration
 v - a potion of haste
 z - a potion of heal wounds {unknown}
 B - a potion of magic {unknown}
 D - a potion of berserk rage
Comestibles
 f - 11 rations
 w - 4 chunks of flesh


   Skills:
 + Level 8.4 Fighting
 * Level 10.7 Axes
 + Level 2.0 Bows
 + Level 8.4 Armour
 + Level 4.1 Dodging
 - Level 6.8 Shields
 + Level 4.1 Invocations


You had 9 spell levels left.
You didn't know any spells.
Your spell library was empty.

Dungeon Overview and Level Annotations

Branches:
Dungeon (9/15)             Temple (1/1) D:7
   Lair: D:8-11         Orc: D:9-12

Altars:
Elyvilon
Hepliaklqana
Nemelex Xobeh
Okawaru
Qazlal
Trog
Yredelemnul

Annotations:
D:5 2 transporters, yaymichael's ghost, novice CeHu


Innate Abilities, Weirdness & Mutations

You reflexively headbutt those who attack you in melee.
You have a pair of horns on your head.


Message History

There is an open door, spattered with blood here.
You see here a killer bee corpse.
You are no longer berserk.
You are exhausted.
You feel yourself slow down.
* * * LOW HITPOINT WARNING * * *
You feel sick.
It was a potion of flight.
You feel very buoyant.
You fly up into the air.
* * * LOW HITPOINT WARNING * * *
You feel sick.
It was a potion of degeneration.
There was something very wrong with that liquid.
You feel weakened.
You feel dopey.
You feel clumsy.
* * * LOW HITPOINT WARNING * * *
You feel sick.
It was a potion of stabbing.
You feel ready to backstab.
You die...

.........# .............
####.....+ ............
...#.....# ...........
...'.....# ..........
...###############......#
..........#......#......#
).........#......#......#
###.......'.....†y.†....#
#.......#.....@#......#
#.......#......#......#
#.......+......#......#
#.......#......#......#
#.......#......#......#
#..)....########......#
######### ########


You could see a killer bee.

Vanquished Creatures
  Pikel (D:8)
  Maggie (D:7)
  A hippogriff (D:8)
  A hungry ghost (D:8)
  Edmund (D:4)
  Menkaure (D:5)
  A water moccasin (D:9)
  2 ice beasts
  A sky beast (D:5)
  2 slaves (D:8)
  2 orc warriors
  2 phantoms (D:7)
  2 necrophages (D:8)
  An eye of draining (D:8)
  2 ogres (D:7)
  2 centaurs
  3 bullfrogs
  Blork the orc (D:4)
  3 scorpions
  A water moccasin skeleton (D:8)
  10 killer bees
  3 wights (D:7)
  A howler monkey (D:9)
  4 crimson imps
  A centaur zombie (D:9)
  2 jellies
  3 hounds
  2 bullfrog skeletons (D:8)
  A centaur skeleton (D:4)
  3 orc priests (D:8)
  4 orc wizards
  3 iguanas
  A worker ant (D:6)
  4 gnolls (D:8)
  5 adders
  A river rat (D:5)
  An ooze (D:1)
  4 worms
  2 dart slugs (D:2)
  14 orcs
  A ball python (D:5)
  2 giant cockroaches
  A goblin (D:2)
  4 hobgoblins
  5 jackals
  4 quokkas
  4 bats
  4 frilled lizards
  5 kobolds
  7 rats
137 creatures vanquished.

Vanquished Creatures (others)
  2 slaves (D:8)
  6 plants (D:5)
8 creatures vanquished.

Grand Total: 145 creatures vanquished

Notes
Turn   | Place    | Note
-------+----------+-------------------------------------------
     0 | D:1      | Illumine the Minotaur Fighter began the quest for the Orb.
     0 | D:1      | Reached XP level 1. HP: 19/19 MP: 0/0
   215 | D:1      | Reached XP level 2. HP: 27/27 MP: 1/1
   381 | D:2      | Reached skill level 3 in Axes
   663 | D:2      | Found a sparkling altar of Nemelex Xobeh.
   703 | D:2      | Reached XP level 3. HP: 33/33 MP: 2/2
  1575 | D:4      | Noticed Blork the orc
  1579 | D:4      | Reached skill level 4 in Axes
  1579 | D:4      | Reached XP level 4. HP: 24/40 MP: 3/3
  1583 | D:4      | Killed Blork the orc
  1583 | D:4      | Reached XP level 5. HP: 29/47 MP: 4/4
  1722 | D:4      | Noticed Edmund
  1752 | D:4      | Killed Edmund
  1752 | D:4      | Reached skill level 5 in Axes
  1820 | D:4      | Reached XP level 6. HP: 55/55 MP: 5/5
  1827 | D:5      | Entered Level 5 of the Dungeon
  1849 | D:5      | Noticed a sky beast
  1850 | D:5      | Reached skill level 5 in Armour
  1850 | D:5      | Reached skill level 5 in Shields
  1866 | D:5      | Killed a sky beast
  1866 | D:5      | Reached skill level 5 in Fighting
  2203 | D:5      | Reached skill level 6 in Axes
  2435 | D:5      | Reached XP level 7. HP: 61/61 MP: 6/6
  2529 | D:5      | Found a transporter.
  2530 | D:5      | Found a transporter.
  2619 | D:5      | Noticed Menkaure
  2626 | D:5      | Killed Menkaure
  3045 | D:5      | Noticed yaymichael's ghost (novice CeHu)
  3199 | D:6      | Reached skill level 7 in Axes
  3373 | D:7      | Reached XP level 8. HP: 41/70 MP: 7/7
  3593 | D:7      | Found a staircase to the Ecumenical Temple.
  3602 | Temple   | Entered the Ecumenical Temple
  3620 | Temple   | Became a worshipper of Warmaster Okawaru
  3654 | D:7      | Noticed Maggie
  3669 | D:7      | Killed Maggie
  3669 | D:7      | Reached skill level 8 in Axes
  3980 | D:7      | Reached * piety under Okawaru
  3980 | D:7      | Reached skill level 1 in Dodging
  4071 | D:7      | Reached skill level 1 in Invocations
  4488 | D:7      | Reached XP level 9. HP: 79/79 MP: 9/9
  4497 | D:7      | Reached skill level 9 in Axes
  4520 | D:7      | Reached ** piety under Okawaru
  4998 | D:8      | Noticed Pikel
  5008 | D:8      | Killed Pikel
  5008 | D:8      | Reached skill level 10 in Axes
  5412 | D:8      | Reached *** piety under Okawaru
  5506 | D:8      | Reached skill level 1 in Bows
  5822 | D:8      | Reached XP level 10. HP: 87/87 MP: 11/11
  6439 | D:9      | HP: 6/135 [poisoned by a killer bee]
  6443 | D:9      | HP: 2/90 [poisoned by a killer bee]
  6446 | D:9      | Succumbed to a killer bee's poison

Illustrated notes

Levels and vault maps discovered:
D:1:      sevenhm_arrival_forest_fort_small_5, layout_rooms, kennysheep_boxes
D:2:      layout_loops_ring, old_standard_altar, first_ration
D:3:      layout_loops_cross, kennysheep_generic_room_2
D:4:      layout_layer_cave, minmay_misc_feat_room, grunt_decor_fettered,
          uniq_edmund, uniq_blork_the_orc, uniq_sigmund
D:5:      layout_layer_cave, gammafunk_ghost_gnarly_gnolls,
          lightli_sewer_entry_pipes, uniq_menkaure
D:6:      layout_cave_pools, kennysheep_vampire_church
D:7:      layout_cave_pods, minmay_temple_entry_trees, uniq_maggie
D:8:      layout_loops_cross, uniq_pikel
D:9:      layout_gridville, basic_altar, chequers_garden, david_nohive_1
Temple:   regret_index_temple_chain_breaker

Skill      XL: |  1  2  3  4  5  6  7  8  9 10 |
---------------+-------------------------------+-----
Axes           | 3 4 5 6 7 8 10 | 10.7
Armour         | 4 5 6 7 8 |  8.4
Fighting       | 4 5 6 7 8 |  8.4
Shields        | 4 5 6 |  6.8
Dodging        | 2 3 4 |  4.1
Invocations    | 2 3 4 |  4.1
Bows           | 1 2 |  2.0

Action                   |  1- 3 |  4- 6 |  7- 9 | 10-12 || total
-------------------------+-------+-------+-------+-------++-------
Melee: War axe           |    73 |    71 |   107 |       ||   251
       Headbutt          |    12 |     7 |    41 |     3 ||    63
       Battleaxe         |       |       |   137 |    36 ||   173
 Fire: Shortbow          |       |       |    16 |       ||    16
  Use: Potion            |     1 |     1 |     3 |     6 ||    11
       Scroll            |       |     2 |     4 |     3 ||     9
  Eat: Chunk             |     2 |     3 |    10 |     1 ||    16
       Ration            |       |       |     1 |       ||     1
Armor: Scale mail        |    32 |       |       |       ||    32
       Skin              |       |    11 |    58 |       ||    69
       Chain mail        |       |     6 |   115 |    43 ||   164
Dodge: Dodged            |    21 |    18 |   103 |    46 ||   188
Block: Kite shield       |    44 |    25 |    56 |       ||   125
